 Dungeon Crawl Stone Soup version 0.27-a0-46-g34d46f0a3f (webtiles) character file.

Game seed: 3560365015158136964

485 Borgoz the Slasher (level 7, -2/57 HPs)
             Began as a Ghoul Gladiator on Jan 6, 2021.
             Was an Initiate of Okawaru.
             Slain by a killer bee (7 damage)
             ... on level 4 of the Dungeon.
             The game lasted 00:04:21 (4272 turns).

Borgoz the Slasher (Ghoul Gladiator)                Turns: 4272, Time: 00:04:22

Health: -2/57      AC:  6    Str: 19    XL:     7   Next: 13%
Magic:  6/6        EV: 12    Int:  3    God:    Okawaru [......]
Gold:   162        SH:  0    Dex: 11    Spells: 6/6 levels left

rFire    . . .     SeeInvis .   a - +0 long sword
rCold    + . .     Faith    +   (no shield)
rNeg     + + +     Spirit   .   g - +0 ring mail
rPois    ∞         Reflect  .   c - +0 helmet
rElec    .         Harm     .   (no cloak)
rCorr    .         Rampage  .   (no gloves)
Will     .....                  (no boots)
Stlth    ++........             o - amulet of faith
HPRegen  0.00/turn              e - ring of stealth
MPRegen  0.10/turn              (no ring)

@: attractive, flying
A: claws 1, cold resistance 1, negative energy resistance 3, inhibited
regeneration, torment resistance, unbreathing
a: Renounce Religion


You were on level 4 of the Dungeon.
You worshipped Okawaru.
Okawaru was noncommittal.
You visited 1 branch of the dungeon, and saw 4 of its levels.

You collected 162 gold pieces.

Inventory:

Hand Weapons
 a - a +0 long sword (weapon)
Missiles
 d - a throwing net (quivered)
Armour
 c - a +0 helmet (worn)
 g - a +0 ring mail (worn)
 n - a +0 kite shield
Jewellery
 e - a ring of stealth (left claw)
 o - an amulet of faith (around neck)
Wands
 p - a wand of flame (8)
Scrolls
 h - 2 scrolls of teleportation
 j - a scroll of remove curse {unknown}
 k - a scroll of fear {unknown}
 m - a scroll of magic mapping {unknown}
Potions
 b - a potion of mutation {unknown}
 l - a potion of haste {unknown}


   Skills:
 + Level 3.6 Fighting
 * Level 4.4 Long Blades
 - Level 1.7 Throwing
 + Level 2.2 Armour
 * Level 4.3 Dodging
 - Level 2.6 Stealth
 + Level 1.0 Invocations


You had 6 spell levels left.
You didn't know any spells.
Your spell library was empty.

Dungeon Overview and Level Annotations

Branches:
Dungeon (4/15)
 Temple: D:4-7

Altars:
Okawaru


Innate Abilities, Weirdness & Mutations

You thrive by killing the living.
You are immune to poison.
You have sharp fingernails.
Your flesh is cold resistant. (rC+)
You are immune to negative energy. (rN+++)
You do not regenerate when monsters are visible.
You are immune to unholy pain and torment.
You can survive without breathing.


Message History

The killer bee stings you.
* * * LOW HITPOINT WARNING * * *
You hit the killer bee.
The killer bee is severely wounded.
The killer bee stings you!
* * * LOW HITPOINT WARNING * * *
The killer bee misses you. The killer bee barely misses you.
It was a potion of flight.
You feel very buoyant.
You fly up into the air.
The killer bee closely misses you.
You riposte.
You miss the killer bee.
The killer bee is severely wounded.
The killer bee barely misses you.
You riposte.
You hit the killer bee.
The killer bee is severely wounded.
It was a potion of attraction.
You feel attractive to monsters. The killer bee stings you.
* * * LOW HITPOINT WARNING * * *
The killer bee stings you!
You die...

.... #....#
..#########....#
.............>.# ..
#.........####
....##..........#
................#
##..##.#'#.....#
#.#.#####.# #@### #.#
#y# #.# ###### #o#
#.###.....
#.#######.##......
o................#......
........#######..#......
#....#..# #..#......
.....##.. #..#......
#... #.. ...##..#...###


You could see a killer bee and an orc.

Vanquished Creatures
  An ogre (D:3)
  2 killer bees (D:4)
  An orc priest (D:3)
  Ijyb (D:3)
  A centaur skeleton (D:3)
  Robin (D:1)
  5 gnolls
  A howler monkey skeleton (D:4)
  5 adders
  2 oozes
  4 worms
  4 dart slugs
  3 orcs (D:3)
  2 ball pythons
  9 bats
  A giant cockroach (D:1)
  19 goblins
  10 hobgoblins
  7 kobolds
  4 frilled lizards
  A jackal skeleton (D:3)
  9 rats
93 creatures vanquished.

Notes
Turn   | Place    | Note
-------+----------+-------------------------------------------
     0 | D:1      | Borgoz the Ghoul Gladiator began the quest for the Orb.
     0 | D:1      | Reached XP level 1. HP: 17/17 MP: 0/0
   475 | D:1      | Reached XP level 2. HP: 16/25 MP: 1/1
   950 | D:1      | Reached XP level 3. HP: 30/30 MP: 2/2
  1026 | D:1      | Reached skill level 1 in Stealth
  1482 | D:2      | Noticed Robin
  1493 | D:2      | Reached XP level 4. HP: 37/37 MP: 3/3
  1745 | D:1      | Killed Robin
  1808 | D:2      | Reached skill level 1 in Armour
  2271 | D:2      | Reached XP level 5. HP: 33/44 MP: 4/4
  2862 | D:3      | Noticed an ogre
  2871 | D:3      | Killed an ogre
  2872 | D:3      | Reached XP level 6. HP: 30/51 MP: 5/5
  3094 | D:3      | Noticed Ijyb
  3110 | D:3      | Killed Ijyb
  3143 | D:3      | Found an iron altar of Okawaru.
  3181 | D:3      | Became a worshipper of Warmaster Okawaru
  3953 | D:4      | Reached XP level 7. HP: 23/57 MP: 6/6
  4259 | D:4      | Reached skill level 1 in Invocations
  4272 | D:4      | Slain by a killer bee

Illustrated notes

Levels and vault maps discovered:
D:1:      minmay_arrival_five_plusses, layout_basic, amcnicky_mini_pool_small
D:2:      layout_basic, uniq_robin
D:3:      layout_loops_ring, okawaru_altar_gauntlet_db, uniq_ijyb
D:4:      layout_basic, demons_altar, minmay_overflow_temple_star_hex,
          serial_glass, glass_columns_a, glass_columns_a, glass_columns_c,
          glass_columns_a, glass_columns_b, glass_columns_c,
          minmay_mini_ossuary, uniq_duvessa

Skill      XL: |  1  2  3  4  5  6  7 |
---------------+----------------------+-----
Dodging        | 3 4 |  4.3
Long Blades    | 3 4 |  4.4
Stealth        | 1 2 |  2.6
Armour         | 1 2 |  2.2
Fighting       | 3 |  3.6
Invocations    | 1 |  1.0
Throwing       | |  1.7

Action                   |  1- 3 |  4- 6 |  7- 9 || total
-------------------------+-------+-------+-------++-------
Melee: Long sword        |    80 |   206 |    21 ||   307
Throw: Throwing net      |     1 |     4 |       ||     5
  Use: Scroll            |       |     1 |       ||     1
       Potion            |       |       |     5 ||     5
 Stab: Sleeping          |     4 |    15 |       ||    19
       Held in net/web   |       |     2 |       ||     2
Armor: Leather armour    |    15 |       |       ||    15
       Ring mail         |    14 |    76 |     9 ||    99
Dodge: Dodged            |    53 |   160 |    30 ||   243
       Rpst.: Long sword |    15 |    47 |     7 ||    69

Table legend: (Time is in decaauts)
 A = Elapsed time spent in this place.
 B = Non-inter-level travel time spent in this place.
 C = Inter-level travel time spent in this place.
 D = Time resting spent in this place.
 E = Time spent auto-exploring this place.
 F = Levels seen in this place.
 G = Mean time per level.
                   A        B        C        D        E       F      G
               +--------+--------+--------+--------+--------+-----+--------+
         Total |   4345 |   4239 |    106 |   1661 |   1790 |   4 | 1086.2 |
       Dungeon |   4345 |   4239 |    106 |   1661 |   1790 |   4 | 1086.2 |
               +--------+--------+--------+--------+--------+-----+--------+

Top non-repeatable levels by time:
     D:1: 1795 daAuts
     D:2: 1104 daAuts
     D:3: 1059 daAuts
     D:4: 385 daAuts
